 Dungeon Crawl Stone Soup version 0.23-a0-4-g8f018a2 (webtiles) character file.

576 inmateoo the Chopper (level 7, -2/55 HPs)
             Began as a Human Berserker on Aug 1, 2018.
             Was a Priest of Trog.
             Slain by an orc
             ... wielding a +0 hand axe
              (5 damage)
             ... on level 4 of the Dungeon.
             The game lasted 00:05:15 (3883 turns).

inmateoo the Chopper (Human Berserker)              Turns: 3883, Time: 00:05:16

Health: -2/55      AC:  8    Str: 25    XL:     7   Next: 62%
Magic:  7/7        EV: 13    Int:  7    God:    Trog [***...]
Gold:   245        SH:  0    Dex: 13    Spells: 6/6 levels left

rFire    x . .     SeeInvis .   a - +1 hand axe
rCold    + . .     Gourm    .   (no shield)
rNeg     . . .     Faith    .   e - +1 ring mail
rPois    .         Spirit   .   u - +0 helmet
rElec    .         Reflect  .   (no cloak)
rCorr    .         Harm     .   (no gloves)
MR       .....                  (no boots)
Stlth    +.........             (no amulet)
HPRegen  0.18/turn              g - ring of flight
MPRegen  0.10/turn              s - ring of Fyapn {Ice Str+6}

@: berserk cooldown, slowed, very slow
A: no striking features
a: Berserk, Trog's Hand, Renounce Religion, Evoke Flight


You were on level 4 of the Dungeon.
You worshipped Trog.
Trog was most pleased with you.
You were not hungry.

You visited 1 branch of the dungeon, and saw 5 of its levels.

You collected 245 gold pieces.

Inventory:

Hand Weapons
 a - a +1 hand axe (weapon)
Missiles
 b - 4 stones (quivered)
Armour
 e - a +1 ring mail (worn)
 u - a +0 helmet (worn)
Jewellery
 g - a ring of flight (left hand)
 s - the ring of Fyapn (right hand) {Ice Str+6}
   (You found it on level 4 of the Dungeon)

   [ring of ice]

   It enhances your ice magic.
   It affects your strength (+6).
   It makes you vulnerable to fire.
   It protects you from cold.
Scrolls
 k - a scroll of enchant weapon
 l - a scroll of teleportation
 m - 2 scrolls of enchant armour
 p - 2 scrolls of remove curse
 v - a scroll of blinking {unknown}
 w - a scroll of identify
Potions
 d - 3 potions of curing
 f - a potion of berserk rage {unknown}
 h - 3 potions of magic {unknown}
 i - 2 potions of mutation
 j - a potion of might
 n - 2 potions of lignification
 o - a potion of agility {unknown}
 q - a potion of flight {unknown}
 t - a potion of ambrosia {unknown}
Comestibles
 c - 8 rations


   Skills:
 + Level 4.5 Fighting
 * Level 5.6 Axes
 + Level 3.9 Armour
 + Level 3.9 Dodging


You had 6 spell levels left.
You didn't know any spells.
Your spell library was empty.

Dungeon Overview and Level Annotations

Branches:
Dungeon (5/15)
 Temple: D:4-7

Altars:
Dithmenos
Gozag
Kikubaaqudgha
Okawaru
Ru

Shops:
D:4 [   D:5 [


Message History

The orc hits you with a hand axe.
* * * LOW HITPOINT WARNING * * *
You hit the orc.
The orc is heavily wounded.
The orc barely misses you.
You barely miss the orc.
The orc is heavily wounded.
The orc barely misses you.
You hit the orc.
The orc is severely wounded.
The orc barely misses you. The orc misses you.
You hit the orc but do no damage.
The orc is severely wounded.
The orc closely misses you.
You hit the orc but do no damage.
The orc is severely wounded.
The orc hits you with a hand axe.
* * * LOW HITPOINT WARNING * * *
The orc hits you with a hand axe.
You die...

#.# #####.# #.# #.....## #.#
#.###..# #.# #.###≈.# #.#
##.≈≈≈≈≈ ####### #)# ####≈≈≈≈≈≈#
.....># #######.# #.#≈#≈≈≈≈..
##.##.#####....o..#####..≈≈≈≈≈.<.
#..............@.......≈#≈≈≈≈≈.(
####.....##.########.##≈≈≈≈#≈≈#.≈
.........##.# #...≈≈≈≈≈≈≈†).
##.......##.# #.#..≈≈≈≈≈≈.<.
........###.# #.##≈≈≈≈≈≈≈[..
##.##..## #.# #.##≈#≈≈≈≈≈≈.≈
...##..####.# #....≈≈≈#≈#≈♣≈
#..##.......# ###.#.≈≈≈≈≈..≈
#..##.####### #..#≈≈≈≈≈...


You could see an orc.

Vanquished Creatures
  A phantom (D:4)
  A centaur (D:5)
  A howler monkey (D:5)
  A hound (D:5)
  An orc priest (D:3)
  2 orc wizards
  2 hound skeletons (D:4)
  Robin (D:4)
  3 gnolls (D:3)
  3 adders
  2 oozes (D:1)
  An adder skeleton (D:4)
  2 worms
  12 dart slugs
  2 leopard geckos
  8 orcs
  9 bats
  6 giant cockroaches
  19 goblins
  7 hobgoblins
  7 jackals (D:4)
  2 quokkas
  A ball python skeleton (D:4)
  6 frilled lizards
  7 kobolds
  A quokka skeleton (D:4)
  10 rats
118 creatures vanquished.

Notes
Turn   | Place    | Note
-------+----------+-------------------------------------------
     0 | D:1      | inmateoo the Human Berserker began the quest for the Orb.
     0 | D:1      | Reached XP level 1. HP: 18/18 MP: 1/1
    85 | D:1      | Reached XP level 2. HP: 17/24 MP: 2/2
   296 | D:1      | Reached XP level 3. HP: 29/29 MP: 3/3
   918 | D:2      | Found a shadowy altar of Dithmenos.
   964 | D:2      | Reached ** piety under Trog
  1346 | D:2      | Found a sacrificial altar of Ru.
  1373 | D:2      | Reached XP level 4. HP: 35/35 MP: 4/4
  1642 | D:3      | Found an ancient bone altar of Kikubaaqudgha.
  1691 | D:3      | Reached skill level 4 in Axes
  1691 | D:3      | Reached XP level 5. HP: 41/41 MP: 5/5
  1847 | D:3      | Found an iron altar of Okawaru.
  2303 | D:3      | Reached XP level 6. HP: 48/48 MP: 6/6
  2946 | D:4      | Got a flickering lead ring
  2951 | D:4      | Identified the ring of Fyapn {Ice Str+6} (You found it on level 4 of the Dungeon)
  3016 | D:4      | Reached *** piety under Trog
  3027 | D:4      | Got a steaming dagger
  3035 | D:4      | Identified the +4 dagger "Ogre's Funeral" {pierce, *Corrode +Inv MR- Int+7} (You found it on level 4 of the Dungeon)
  3056 | D:4      | Noticed a phantom
  3104 | D:4      | Killed a phantom
  3104 | D:4      | Reached skill level 5 in Axes
  3224 | D:4      | Found an opulent altar of Gozag.
  3254 | D:4      | Noticed Robin
  3265 | D:4      | Killed Robin
  3286 | D:4      | Reached XP level 7. HP: 47/54 MP: 7/7
  3520 | D:4      | Reached **** piety under Trog
  3553 | D:4      | Found Rehu's Armour Shoppe.
  3817 | D:5      | Entered Level 5 of the Dungeon
  3857 | D:5      | Found Ostruoch's Antique Armour Boutique.
  3883 | D:4      | Slain by an orc

Vault maps used:
D:1:      scummos_arrival_hexagon, grunt_decor_arrowhead, serial_bayou_lagoon_a,
          hangedman_decor_push
D:2:      old_standard_altar, old_standard_altar, first_ration,
          grunt_decor_resistance
D:3:      kiku_gazebo_pond_becter, lemuel_doored_altar, chequers_big_river
D:4:      kennysheep_slugbush, nicolae_gozag_cash_rules_everything_around_me,
          serial_shops, shop, uniq_robin
D:5:      makhleb_grotto_becter, kennysheep_little_box, portal_sewer_entry_b,
          serial_shops, kennysheep_mini

Skill      XL: |  1  2  3  4  5  6 |
---------------+-------------------+-----
Axes           | 4 5 |  5.6
Dodging        | 3 |  3.9
Armour         | 3 |  3.9
Fighting       | 4 |  4.5

Action                   |  1- 3 |  4- 6 |  7- 9 || total
-------------------------+-------+-------+-------++-------
Melee: Hand axe          |   101 |   176 |    68 ||   345
Invok: Berserk           |       |     3 |     1 ||     4
       Trog's Hand       |       |       |     1 ||     1
  Use: Scroll            |     3 |     8 |     1 ||    12
 Stab: Sleeping          |       |     5 |       ||     5
  Eat: Chunk             |     1 |     5 |     2 ||     8
       Ration            |       |     1 |     1 ||     2
Armor: Ring mail         |    37 |    68 |    16 ||   121
Dodge: Dodged            |    50 |   128 |    46 ||   224

Table legend:
 A = Spawn XP
 B = Non-spawn XP
 C = Spawn XP percentage of total XP
 D = Spawn monster count
 E = Non-spawn monster count
 F = Spawn count percentage of total count
 G = Total turns spent on level
                    A         B        C        D         E        F      G
               +---------+---------+-------+---------+---------+-------+---------
         Total |       0 |     823 |   0.0 |       0 |     118 |   0.0 |  3883
               +---------+---------+-------+---------+---------+-------+---------
           D:1 |       0 |      46 |   0.0 |       0 |      23 |   0.0 |   852
           D:2 |       0 |      39 |   0.0 |       0 |      13 |   0.0 |   773
           D:3 |       0 |     188 |   0.0 |       0 |      32 |   0.0 |  1274
           D:4 |       0 |     337 |   0.0 |       0 |      46 |   0.0 |   924
           D:5 |       0 |     213 |   0.0 |       0 |       4 |   0.0 |    60
               +---------+---------+-------+---------+---------+-------+---------
